 Dungeon Crawl Stone Soup version 0.31-a0-1338-gb567cfdca4 (webtiles) character file.

Game seed: 15816087210785141956

128013 jasper the Severer (level 17, -1/163 HPs)
             Began as a Hill Orc Cinder Acolyte on Dec 22, 2023.
             Was a Follower of Yredelemnul.
             Shot with an arrow by a naga sharpshooter (16 damage)
             ... on level 3 of the Snake Pit.
             The game lasted 00:49:39 (30872 turns).

jasper the Severer (Hill Orc Cinder Acolyte)       Turns: 30872, Time: 00:49:40

Health: -1/163     AC: 28    Str: 25    XL:     17   Next: 2%
Magic:  27/27      EV:  9    Int: 14    God:    Yredelemnul [*.....]
Gold:   2593       SH: 12    Dex:  6    Spells: 15/18 levels left

rFire   + . .        G - +0 broad axe (elec)
rCold   . . .        r - +1 kite shield {rN+}
rNeg    + . .        E - +1 plate armour {rF+}
rPois   +            e - +0 helmet
rElec   .            o - +0 cloak
rCorr   .            v - +2 pair of gloves
SInv    .            W - +1 pair of boots {rampage}
Will    +....        Y - amulet of regeneration Stlth
                     f - +5 ring of evasion
HPRegen 1.27/turn    Z - ring of poison resistance
MPRegen 0.20/turn

%: rampage
@: lethally poisoned (-1 -> -1), constricted
A: no striking features
a: Renounce Religion, Recall Undead Harvest


You were on level 3 of the Snake Pit.
You worshipped Yredelemnul.
Yredelemnul was pleased with you.
You visited 5 branches of the dungeon, and saw 26 of its levels.
You also visited: Ossuary and Volcano.

You collected 2809 gold pieces.
You spent 216 gold pieces at shops.

Inventory:

Hand Weapons
 a - a +0 hand axe of flaming
 G - a +0 broad axe of electrocution (weapon)
Missiles
 j - 238 stones (quivered)
 C - 23 poisoned darts
 H - 12 boomerangs
 I - a curare-tipped dart
Armour
 e - a +0 helmet (worn)
 o - a +0 cloak (worn)
 r - a +1 kite shield of positive energy (worn)
 v - a +2 pair of gloves (worn)
 D - a +0 tower shield
 E - a +1 plate armour of fire resistance (worn)
 W - a +1 pair of boots of rampaging (worn)
Jewellery
 f - a +5 ring of evasion (left hand)
 n - a ring of positive energy
 t - a ring of flight
 J - a ring of resist corrosion
 Q - a ring of protection from cold
 Y - an amulet of regeneration (around neck)
 Z - a ring of poison resistance (right hand)
Wands
 g - a wand of digging (10)
 B - a wand of mindburst (35)
 M - a wand of flame (50)
 N - a wand of iceblast (13)
 S - a wand of light (11)
Scrolls
 c - 4 scrolls of fog
 h - 3 scrolls of fear
 i - a scroll of brand weapon
 q - 5 scrolls of enchant weapon
 s - a scroll of enchant armour
 x - a scroll of vulnerability
 y - 3 scrolls of amnesia
 K - a scroll of immolation
 L - 4 scrolls of identify
 P - 2 scrolls of revelation
 R - 9 scrolls of teleportation
 T - a scroll of torment
 X - 2 scrolls of poison
Potions
 b - a potion of resistance
 d - a potion of mutation
 k - 17 potions of curing
 l - 2 potions of magic
 m - 6 potions of brilliance
 p - 4 potions of ambrosia
 u - 7 potions of enlightenment
 w - 3 potions of attraction
 z - 7 potions of haste
 A - 4 potions of lignification
 F - 6 potions of cancellation
 O - a potion of heal wounds
 U - 2 potions of berserk rage


   Skills:
 + Level 17.7 Fighting
 - Level 18.0 Axes
 + Level 16.0 Armour
 - Level 15.0 Shields
 - Level 1.0 Spellcasting
 - Level 3.2 Fire Magic
 + Level 14.4 Invocations


You had 15 spell levels left.
You knew the following spells:

 Your Spells              Type           Power      Damage    Failure   Level
a - Swiftness             Air            0%         N/A       100%        3

Your spell library contained the following spells:

 Spells                   Type           Power      Damage    Failure   Level
 Scorch                   Fire           18%        2d5       71%         2
 Apportation              Tloc           0%         N/A       95%         1
 Necrotise                Necr           0%         1d4       95%         1
 Shock                    Conj/Air       0%         1d3       95%         1
 Sting                    Conj/Alch      0%         1d3       95%         1
 Summon Small Mammal      Summ           0%         N/A       95%         1
 Blink                    Tloc           0%         N/A       98%         2
 Cigotuvi's Dreadful Rot  Necr/Alch/Air  0%         N/A       98%         2
 Ensorcelled Hibernation  Hex/Ice        0%         N/A       98%         2
 Jinxbite                 Hex            0%         N/A       98%         2
 Lesser Beckoning         Tloc           0%         N/A       98%         2
 Momentum Strike          Conj/Tloc      0%         3d8       98%         2
 Call Canine Familiar     Summ           0%         N/A       100%        3
 Fugue of the Fallen      Necr           0%         N/A       100%        3
 Ozocubu's Armour         Ice            0%         N/A       100%        3
 Sigil of Binding         Hex            0%         N/A       100%        3
 Tukima's Dance           Hex            0%         N/A       100%        3
 Airstrike                Air            0%         2d(0-16)  100%        4
 Anguish                  Hex/Necr       0%         N/A       100%        4
 Dimensional Bullseye     Hex/Tloc       0%         N/A       100%        4
 Ignite Poison            Fire/Alch      5%         N/A       100%        4
 Iskenderun's Mystic Bla  Conj/Tloc      0%         2d3       100%        4
 Manifold Assault         Tloc           0%         N/A       100%        4
 Passage of Golubria      Tloc           0%         N/A       100%        4
 Summon Ice Beast         Ice/Summ       0%         N/A       100%        4
 Vhi's Electric Charge    Tloc/Air       0%         N/A       100%        4
 Alistair's Intoxication  Alch           0%         N/A       100%        5
 Arcjolt                  Conj/Air       0%         1d10      100%        5
 Freezing Cloud           Conj/Ice/Air   0%         6-21      100%        5
 Silence                  Hex/Air        0%         N/A       100%        5
 Summon Forest            Summ/Tloc      0%         N/A       100%        5
 Summon Mana Viper        Hex/Summ       0%         N/A       100%        5
 Summon Cactus Giant      Summ           0%         N/A       100%        6
 Monstrous Menagerie      Summ           0%         N/A       100%        7
 Lehudib's Crystal Spear  Conj/Erth      0%         10d2      100%        8
 Maxwell's Capacitive Co  Air            0%         ∞         100%        8


Dungeon Overview and Level Annotations

Branches:
Dungeon (15/15)            Temple (1/1) D:4            Lair (5/5) D:11
  Swamp (0/4) Lair:3        Snake (3/4) Lair:3        Slime (0/5) Lair:4
    Orc (2/2) D:12            Elf (0/3) Orc:2        Vaults (0/5) D:14
 Depths (0/4) D:15        Ossuary (visited)         Volcano (visited)

Altars:
Ashenzari
Cheibriados
Dithmenos
Elyvilon
Fedhas
Gozag
Hepliaklqana
Kikubaaqudgha
Makhleb
Nemelex Xobeh
Okawaru
Qazlal
Ru
Sif Muna
Trog
Uskayaw
Vehumet
Wu Jian
Xom
Yredelemnul
Zin
The Shining One
Beogh

Shops:
Orc:1 (:   Orc:2 [([*   Snake:2 ==:

Portals:
Hell: Lair:5

Annotations:
D:13 3 runed translucent doors, pokeman's ghost, journeyman DEHW


Message History

The naga warrior hits your shock serpent zombie with a +0 war axe!!
The naga warrior hits you with a +0 war axe.
* * * LOW HITPOINT WARNING * * *
The naga warrior constricts you.
The naga sharpshooter shoots an arrow.
The arrow hits you!
* * * LOW HITPOINT WARNING * * *
The salamander barely misses you.
The salamander hits you but does no damage.
Your shock serpent zombie bites the naga warrior but does no damage.
You take 12 damage, and have 28/163 hp.
You closely miss the naga warrior.
The naga warrior is almost dead.
You feel sick.
The naga warrior roars a battlecry!
The nagas go into a battle-frenzy!
The naga warrior constricts you.
The salamander hits you but does no damage.
The naga hits you from afar with a +0 trident!
* * * LOW HITPOINT WARNING * * *
The naga sharpshooter shoots an arrow.
You block the arrow.
Your shock serpent zombie bites the naga warrior but does no damage.
The salamander misses you.
You take 8 damage, and have 20/163 hp.
You hit the naga warrior but do no damage.
The naga warrior is almost dead.
You feel sick. The naga warrior spits poison at you.
The splash of poison hits you but does no damage.
You resist. The naga warrior constricts you.
* * * LOW HITPOINT WARNING * * *
You take 5 damage, and have 15/163 hp.
The naga warrior's grasp on you weakens, but your attempt to escape fails.
You feel sick.
Your shock serpent zombie completely misses the naga warrior.
You block the salamander's attack. You block the naga's attack.
The naga sharpshooter mumbles some strange words.
The naga sharpshooter magically shoots an arrow.
The arrow hits you!
You die...
Your body rises from the dead as a mindless zombie.

#. ..#$... . ###..#......#### .
#..##..........### ##.
##.....##.......#.#####..
##.........#......#)......
#.......N.####.....#..$...
##.#...NNNN##.......#..._..
##..#..N.#NZ..........#.....
###.......)##@.......#........
###..........##.......#.#..##...
#...../###...####........#...#..
#..#....#...##..##.........#.##..
#.....#SZZ?##$.#......#..#.#<#.
#..####NSSNN.##....N..#.#...#...
#. #..NN......#..N......#.##.. ..
#...NNN...#.##........##. .. #
#...##N..##..##.......## ..


You could see a naga warrior (catching breath, ally target), a naga sharpshooter
(strong), 3 salamanders, 3 nagas and a friendly shock serpent zombie.

Vanquished Creatures
  Gastronok (D:9)
  A tengu reaver (D:13)
  An orc warlord (D:15)
  2 ettins (D:13)
  Fannar (D:10)
  5 hydras
  A fire dragon (D:15)
  A hell beast (Lair:5)
  An ice dragon (D:15)
  A centaur warrior (D:13)
  A catoblepas (D:13)
  3 vault guards (D:14)
  3 anacondas
  3 boulder beetles
  4 two-headed ogres
  A tengu warrior (D:14)
  A naga warrior (Snake:3)
  A vampire mage (Lair:1)
  A hell hog (Volcano)
  4 death yaks (Lair:2)
  An occultist (D:15)
  A shock serpent (Snake:3)
  4 orc high priests
  Amaemon (Lair:2)
  2 skysharks (Lair:3)
  11 orc knights
  An arcanist (D:15)
  4 orc sorcerers
  A wolf spider (D:13)
  6 mana vipers
  3 lindwurms
  10 ugly things
  A salamander (Snake:3)
  5 cyclopes
  Maurice (D:7)
  A cyclops (shapeshifter) (D:13)
  A manticore (D:13)
  3 kobold blastminers
  7 elephants (Lair:5)
  A spectral centaur (D:13)
  A cane toad (shapeshifter) (D:15)
  3 naga magi
  23 black mambas
  2 molten gargoyles (Volcano)
  A torpor snail (Lair:5)
  4 gargoyles
  5 rime drakes
  An orange demon (Lair:5)
  11 cane toads
  A torpor snail (shapeshifter) (D:14)
  Maggie (D:7)
  An unseen horror (D:12)
  9 komodo dragons
  A kobold demonologist (D:10)
  3 yaktaurs (D:14)
  3 ice devils (Lair:5)
  2 trolls
  4 guardian mummies (D:13)
  2 polar bears
  A tengu conjurer (D:14)
  A red devil (Lair:5)
  A polar bear (shapeshifter) (D:14)
  A merfolk (shapeshifter) (D:13)
  A hellwing (Lair:5)
  Prince Ribbit (D:5)
  4 hornets
  11 blink frogs
  A tyrant leech (Lair:3)
  A boulder beetle zombie (D:13)
  12 dream sheep
  6 slime creatures
  A shadow (D:11)
  2 wraiths
  2 wyverns
  42 yaks
  A vampire (D:10)
  6 fire bats (Volcano)
  A human (Lair:1)
  3 basilisks (Lair:5)
  2 wargs (Orc:1)
  5 steam dragons
  5 fire elementals
  8 vampire mosquitoes
  Edmund (D:5)
  4 nagas
  An acid dragon (D:9)
  13 water moccasins
  22 orc warriors
  Duvessa (D:5)
  4 hell hounds
  A sky beast (D:7)
  A black bear (shapeshifter) (D:14)
  A black bear (D:7)
  4 ogres
  4 wolves (Lair:3)
  A phantom (D:6)
  5 centaurs
  3 kobold brigands
  8 bullfrogs
  4 water moccasin zombies (Ossuary)
  A scorpion (D:6)
  17 wights
  Dowan (D:5)
  4 howler monkeys
  An electric eel (D:13)
  6 lava snakes
  3 hounds
  17 orc priests
  12 jellies
  2 sleepcaps (D:6)
  Ijyb (D:5)
  Jessica (D:2)
  15 orc wizards
  3 crocodile zombies (Ossuary)
  6 mummies
  Robin (D:2)
  7 adders
  4 gnolls
  A shadow imp (D:6)
  4 bombardier beetles
  2 white imps
  An ufetubus (D:6)
  5 adder zombies (Ossuary)
  4 worms
  4 dart slugs
  71 orcs
  2 ball pythons
  4 bats
  21 endoplasms
  2 giant cockroaches
  6 hobgoblins (D:2)
  2 jackals (D:5)
  16 kobolds
  2 quokkas (D:2)
  3 frilled lizards
  9 gnoll zombies (Ossuary)
  14 goblins
  8 hobgoblin zombies (Ossuary)
  7 kobold zombies (Ossuary)
  7 orc zombies (Ossuary)
  5 rats
679 creatures vanquished.

Vanquished Creatures (collateral kills)
  Mlioglotl (Snake:1)
  An ogre mage (D:14)
  A salamander tyrant (Snake:3)
  2 anacondas (Snake:2)
  4 naga warriors
  A tengu warrior (D:13)
  A boulder beetle (D:12)
  2 naga sharpshooters (Snake:2)
  4 naga ritualists
  An arcanist (Lair:5)
  An orc knight (D:14)
  3 ugly things
  2 cyclopes
  A salamander (Snake:1)
  2 mana vipers (Snake:1)
  2 elephants (Lair:5)
  A wolf spider (D:14)
  2 manticores
  A kobold blastminer (Orc:2)
  4 naga magi
  5 black mambas
  2 orange demons
  3 cane toads
  4 komodo dragons
  2 tengu conjurers
  13 blink frogs
  8 dream sheep
  A slime creature (D:12)
  A centaur simulacrum (D:14)
  5 yaks
  A fire bat (Volcano)
  4 fire elementals
  2 basilisks
  2 vampire mosquitoes (D:13)
  An acid dragon (D:12)
  3 nagas
  3 water moccasins
  2 hell hounds
  An ogre (Orc:2)
  A wolf (Lair:3)
  A bullfrog (Lair:3)
  2 electric eels (D:13)
  2 howler monkeys (D:12)
  2 orc priests (D:12)
  5 orc wizards
  7 orcs
  A butterfly (Lair:1)
121 creatures vanquished.

Vanquished Creatures (others)
  An anaconda zombie (Snake:3)
  A black mamba (Snake:3)
  A death yak zombie (Lair:2)
  4 black mamba zombies
  A slime creature zombie (D:14)
  A human zombie (D:15)
  A two-headed ogre zombie (Orc:2)
  4 fire bat zombies (Volcano)
  A cane toad zombie (D:15)
  A blink frog zombie (Lair:3)
  A manticore zombie (D:13)
  A dream sheep zombie (Lair:5)
  A rime drake zombie (Lair:2)
  A vampire mosquito zombie (D:15)
  A komodo dragon zombie (D:13)
  2 hell hound zombies
  4 water moccasin zombies
  A polar bear zombie (D:14)
  A yak zombie (Lair:1)
  2 bullfrog zombies (Lair:1)
  An orc wizard (Orc:1)
  An acid dragon zombie (D:12)
  3 naga zombies
  An ogre zombie (Orc:2)
  A lava snake zombie (Volcano)
  2 orcs
  An endoplasm zombie (Lair:1)
  26 orc zombies
67 creatures vanquished.

Grand Total: 867 creatures vanquished

Notes
Turn   | Place    | Note
-------+----------+-------------------------------------------
     0 | D:1      | jasper the Hill Orc Cinder Acolyte began the quest for the
                  | Orb.
     0 | D:1      | Reached XP level 1. HP: 19/19 MP: 2/2
   490 | D:1      | Reached XP level 2. HP: 23/26 MP: 3/3
   872 | D:1      | Reached skill level 5 in Axes
  1307 | D:2      | Reached XP level 3. HP: 31/31 MP: 4/4
  1323 | D:2      | Reached skill level 6 in Axes
  1325 | D:2      | Reached XP level 4. HP: 22/39 MP: 5/5
  1486 | D:2      | Noticed Robin
  1518 | D:2      | Killed Robin
  1539 | D:2      | Reached skill level 7 in Axes
  1601 | D:2      | Noticed Jessica
  1605 | D:2      | Killed Jessica
  1606 | D:2      | Reached XP level 5. HP: 45/45 MP: 6/6
  1748 | D:2      | Found a stormy altar of Qazlal.
  1818 | D:2      | Learned a level 3 spell: Swiftness
  2460 | D:3      | Reached skill level 8 in Axes
  3030 | D:4      | Reached XP level 6. HP: 47/51 MP: 7/7
  3072 | D:4      | Found a sand-covered staircase.
  3107 | Ossuary  | Entered an ossuary
  3139 | Ossuary  | Reached skill level 9 in Axes
  3237 | Ossuary  | Reached skill level 10 in Axes
  3257 | Ossuary  | Reached XP level 7. HP: 39/57 MP: 8/8
  3721 | D:4      | Reached skill level 11 in Axes
  3843 | D:4      | Found a staircase to the Ecumenical Temple.
  4105 | D:5      | Entered Level 5 of the Dungeon
  4254 | D:5      | Noticed a hornet
  4268 | D:5      | Killed a hornet
  4358 | D:5      | Noticed Edmund
  4385 | D:5      | Killed Edmund
  4386 | D:5      | Reached skill level 12 in Axes
  4386 | D:5      | Reached XP level 8. HP: 63/64 MP: 9/9
  4399 | D:5      | Noticed Duvessa
  4413 | D:5      | Killed Duvessa
  4413 | D:5      | Noticed Dowan
  4418 | D:5      | Killed Dowan
  4666 | D:5      | Reached skill level 13 in Axes
  4715 | D:5      | Noticed Prince Ribbit
  4736 | D:5      | Killed Prince Ribbit
  5141 | D:5      | Noticed Ijyb
  5156 | D:5      | Killed Ijyb
  5782 | D:6      | Reached skill level 14 in Axes
  5959 | D:6      | Reached skill level 1 in Armour
  5959 | D:6      | Reached skill level 1 in Shields
  6146 | D:6      | Reached XP level 9. HP: 72/72 MP: 10/10
  6297 | D:6      | Reached skill level 5 in Fighting
  6722 | D:6      | Noticed a gargoyle
  6971 | D:7      | Noticed a hornet
  7108 | D:7      | Noticed a hornet
  7112 | D:7      | Noticed a gargoyle
  7116 | D:7      | Killed a hornet
  7332 | D:8      | You fall into a shaft and drop 3 floors!
  7338 | D:11     | Noticed a komodo dragon
  7357 | D:11     | Killed a komodo dragon
  7508 | D:10     | Entered Level 10 of the Dungeon
  7886 | D:10     | Reached skill level 5 in Armour
  7886 | D:10     | Reached skill level 5 in Shields
  7921 | D:10     | Reached XP level 10. HP: 43/86 MP: 11/11
  8489 | D:10     | Noticed Fannar
  8785 | D:9      | Found a sparkling altar of Nemelex Xobeh.
  9267 | D:8      | Found a snail-covered altar of Cheibriados.
  9267 | D:8      | Found a faded altar of an unknown god.
  9275 | D:8      | Found an opulent altar of Gozag.
  9277 | D:8      | Found a white marble altar of Elyvilon.
  9279 | D:8      | Found a hide-covered altar of Uskayaw.
  9767 | D:7      | Killed a gargoyle
  9928 | D:7      | Reached XP level 11. HP: 93/97 MP: 12/12
 10020 | D:7      | Reached skill level 15 in Axes
 10229 | D:7      | Noticed Maurice
 10243 | D:7      | Killed Maurice
 10283 | D:7      | Noticed Maggie
 10297 | D:7      | Killed Maggie
 10392 | D:7      | Found an ancient bone altar of Kikubaaqudgha.
 10397 | D:7      | Found a blossoming altar of Fedhas.
 11943 | D:9      | Reached skill level 10 in Fighting
 12131 | D:9      | Noticed Gastronok
 12158 | D:9      | Killed Gastronok
 12594 | D:10     | Found a shimmering blue altar of Sif Muna.
 12814 | D:10     | Killed Fannar
 13402 | D:11     | Noticed a cyclops
 13418 | D:11     | Killed a cyclops
 13419 | D:11     | Reached skill level 16 in Axes
 13419 | D:11     | Reached XP level 12. HP: 80/108 MP: 9/13
 13563 | D:11     | Found a staircase to the Lair.
 13779 | D:11     | Identified the +7 falchion "Leuwammu" {holy, rC+ rCorr}
 13904 | D:11     | Identified the +1 chain mail of Repulsion {Harm Rampage
                  | *Corrode}
 13960 | D:11     | Noticed a two-headed ogre
 13968 | D:11     | Killed a two-headed ogre
 14455 | Temple   | Entered the Ecumenical Temple
 14462 | Temple   | Fell from the grace of Ignis
 14462 | Temple   | Became a worshipper of Yredelemnul the Dark
 14623 | Lair:1   | Entered Level 1 of the Lair of Beasts
 14940 | Lair:1   | Reached * piety under Yredelemnul
 14991 | Lair:1   | Found a runed translucent door.
 15267 | Lair:1   | Reached ** piety under Yredelemnul
 15267 | Lair:1   | Reached *** piety under Yredelemnul
 15419 | Lair:1   | Reached skill level 10 in Armour
 15419 | Lair:1   | Reached skill level 10 in Shields
 15915 | Lair:1   | You fall into a shaft and drop 1 floor!
 16015 | Lair:2   | Noticed a death yak
 16026 | Lair:2   | Noticed a death yak
 16027 | Lair:2   | Noticed a death yak
 16028 | Lair:2   | Noticed a death yak
 16086 | Lair:2   | Killed a death yak
 16094 | Lair:2   | Killed a death yak
 16095 | Lair:2   | Reached skill level 17 in Axes
 16101 | Lair:2   | Killed a death yak
 16105 | Lair:2   | Killed a death yak
 16303 | Lair:2   | Reached XP level 13. HP: 112/118 MP: 12/14
 16307 | Lair:2   | Reached **** piety under Yredelemnul
 16314 | Lair:2   | Reached ***** piety under Yredelemnul
 16440 | Lair:2   | Identified the +8 whip "Foedeach" {venom, *Slow rCorr
                  | Int+5}
 16667 | Lair:2   | You fall into a shaft and drop 1 floor!
 16667 | Lair:3   | Was forgiven by Ignis
 16670 | Lair:3   | Found a staircase to the Snake Pit.
 16685 | Lair:3   | Reached skill level 18 in Axes
 16741 | Lair:3   | Reached skill level 1 in Invocations
 17060 | Lair:3   | Found a staircase to the Swamp.
 17525 | Lair:3   | Reached skill level 5 in Invocations
 17627 | Lair:4   | Found a staircase to the Slime Pits.
 19281 | Lair:2   | Noticed Amaemon
 19295 | Lair:2   | Killed Amaemon
 19296 | Lair:2   | Reached XP level 14. HP: 118/129 MP: 18/18
 20049 | Lair:1   | Identified the +0 robe of the Frog {rF+ Will+ Int-3}
 20712 | D:12     | Found a staircase to the Orcish Mines.
 21143 | D:12     | Reached ****** piety under Yredelemnul
 21456 | Orc:1    | Entered Level 1 of the Orcish Mines
 21456 | Orc:1    | Found Voedy's Book Boutique.
 21468 | Orc:1    | Found a roughly hewn altar of Beogh.
 21526 | Orc:1    | Found Jitzuxto's Antique Weapon Boutique.
 21828 | Orc:2    | Entered Level 2 of the Orcish Mines
 21855 | Orc:2    | Found a dark tunnel.
 21883 | Orc:2    | Found a staircase to the Elven Halls.
 21903 | Volcano  | Entered a volcano
 22000 | Volcano  | Found a bloodstained altar of Trog.
 23078 | Orc:2    | Found Uklatwae's Armour Shoppe.
 23078 | Orc:2    | Found Zisitwan's General Store.
 23080 | Orc:2    | Found Losiaf's Antique Armour Shoppe.
 23080 | Orc:2    | Found Tatadd's Weapon Boutique.
 23091 | Orc:2    | Bought a scroll of fear for 72 gold pieces
 23091 | Orc:2    | Bought a potion of cancellation for 144 gold pieces
 23303 | Lair:5   | Entered Level 5 of the Lair of Beasts
 23451 | Lair:5   | Reached XP level 15. HP: 139/139 MP: 22/22
 23480 | Lair:5   | Reached skill level 15 in Fighting
 23709 | Lair:5   | Reached skill level 10 in Invocations
 23855 | Lair:5   | Found a burning altar of Makhleb.
 23871 | Lair:5   | Found a gateway to Hell.
 25236 | D:13     | Noticed a tengu reaver
 25259 | D:13     | Killed a tengu reaver
 25324 | D:13     | Identified the storm talisman "Ahevif" {Str+6 Int-4}
 25342 | D:13     | Identified the serpent talisman of Qihey {rCorr Dex+3}
 25652 | D:13     | Found a runed translucent gate.
 25653 | D:13     | Found a runed translucent gate.
 25654 | D:13     | Found a runed translucent gate.
 25659 | D:13     | Noticed pokeman's ghost (journeyman DEHW)
 25998 | D:14     | Paralysed by something for 4 turns
 26117 | D:14     | Found a gate to the Vaults.
 26144 | D:14     | Reached XP level 16. HP: 121/151 MP: 23/25
 27109 | D:15     | Entered Level 15 of the Dungeon
 27209 | D:15     | HP: 6/152 [orc high priest/+0 glaive (20)]
 27495 | D:15     | Found a staircase to the Depths.
 27886 | D:15     | Reached skill level 15 in Armour
 27921 | D:15     | Found a roughly hewn altar of Beogh.
 28343 | Snake:1  | Entered Level 1 of the Snake Pit
 28353 | Snake:1  | Reached skill level 15 in Shields
 28969 | Snake:1  | Noticed Mlioglotl
 29000 | Snake:1  | Killed Mlioglotl
 29693 | Snake:2  | Found Peag's Book Emporium.
 29693 | Snake:2  | Found Funn's Jewellery Shop.
 29694 | Snake:2  | Found Utisajaph's Jewellery Shop.
 30045 | Snake:2  | Identified the +4 trident of Hacav {elec, rPois Will+
                  | Stlth+}
 30057 | Snake:2  | Identified the +1 whip of Sunlight {freeze, +Blink rF+++
                  | Stlth+}
 30631 | Snake:3  | Found a burning altar of Makhleb.
 30856 | Snake:3  | Reached XP level 17. HP: 92/163 MP: 27/27
 30872 | Snake:3  | Shot with an arrow by a naga sharpshooter

Illustrated notes

Levels and vault maps discovered:
D:1:      eino_arrival_cavern_e, layout_basic, grunt_decor_fettered,
          reono_crystal_passage, minmay_tromino_v2
D:2:      layout_loops_ring, basic_altar, serial_forest,
          infiniplex_forest_clump_small, infiniplex_forest_lined_room_2,
          infiniplex_forest_join, infiniplex_forest_clump_cross,
          infiniplex_forest_clump_long, infiniplex_forest_corner_2,
          uniq_jessica, uniq_robin
D:3:      layout_basic, serial_glass, glass_columns_a, glass_columns_a,
          item_on_display_a, due_unseen_surprise, minmay_strange_pillars,
          feat_on_display
D:4:      layout_loops_corners, minmay_temple_entry_poolview,
          lightli_ossuary_entry_decrepit_ruins
D:5:      layout_layer_cave, amcnicky_mini_pool_small, uniq_duvessa,
          uniq_edmund, uniq_prince_ribbit1, uniq_ijyb
D:6:      wad_guarded_room, layout_basic, cheibrodos_sewer_entry_bend,
          minmay_misc_feat_diagonals
D:7:      layout_basic, grunt_temple_overflow_growth_and_decay, uniq_maggie,
          uniq_maurice
D:8:      layout_loops_ring, chequers_temple_overflow_minitemple,
          minmay_misc_feat_alley, serial_bayou_crossing
D:9:      layout_long_grid, nemelex_spade_bored_becter, minmay_puff,
          uniq_gastronok
D:10:     layout_cave_pods, led_sif_pool, serial_rivers,
          chequers_serial_rivers_room_a, chequers_serial_rivers_micro_e,
          chequers_serial_rivers_small_b, chequers_serial_rivers_large_b,
          uniq_fannar
D:11:     layout_loops_ring, lair_entry_dummy
D:12:     layout_layer_cave, david_orc_3, grunt_ministairs_14
D:13:     cross_vault, layout_irregular_city, gammafunk_ghost_spectres,
          grunt_ministairs_8, minmay_guarded_unrand_curses
D:14:     layout_grid_maze, grunt_vaults_entry_fortified, nrook_campfire
D:15:     grunt_enter_depths_hoard, layout_small_grid, minmay_misc_feat_hallway,
          lightli_church_of_beogh
Temple:   nicolae_temple_superstar
Lair:1:   lemuel_slime, layout_loops_ring, pdpol_lair_cabin_in_the_woods,
          lemuel_fruit_fields
Lair:2:   layout_gridlike, uniq_amaemon
Lair:3:   layout_misc_corridors, minmay_swamp_entry_worms,
          guppyfry_snake_entry_garden, grunt_megastairs_2
Lair:4:   layout_cave_pods, slime_entry_1, grunt_megastairs_4
Lair:5:   evil_forest, layout_loops_ring
Snake:1:  layout_honeycomb, grunt_ministairs_1, uniq_mlioglotl
Snake:2:  layout_chambers, minmay_shop_grove
Snake:3:  layout_onion_interference, basic_altar
Orc:1:    cheibrodos_orc_bank, layout_caves, basic_altar, serial_shops, shop,
          shop
Orc:2:    grunt_orc_tribal_feast, layout_caves, nicolae_volcano_entry_two_sided,
          regret_index_minedec_shroomtown_chain

Skill      XL: |  1  2  3  4  5  6  7  8  9 10 11 12 13 14 15 16 |
---------------+-------------------------------------------------+-----
Axes           | 5 6 7 8 10 12 14 16 17 18 | 18.0
Fighting       | 4 7 9 10 12 13 14 16 17 | 17.7
Armour         | 2 5 7 9 10 11 13 14 16 | 16.0
Shields        | 2 5 7 9 10 11 13 14 15 | 15.0
Invocations    | 6 9 12 14 | 14.4
Spellcasting   | |  1.0
Fire Magic     | |  3.2

Action                     |  1- 3 |  4- 6 |  7- 9 | 10-12 | 13-15 | 16-18 || total
---------------------------+-------+-------+-------+-------+-------+-------++-------
  Melee: Hand axe          |    80 |   297 |   444 |    13 |    32 |       ||   866
         Punch             |       |     4 |     3 |       |       |       ||     7
         Unarmed           |       |       |    19 |       |       |       ||    19
         Broad axe         |       |       |       |   799 |   972 |   425 ||  2196
  Throw: Stone             |     4 |     4 |    12 |     6 |       |     1 ||    27
 Invoke: Fiery Armour      |     2 |       |     8 |     1 |       |       ||    11
         Rising Flame      |       |       |     1 |       |       |       ||     1
         Dark Bargain      |       |       |       |     2 |    25 |     8 ||    35
         Recall Undead Har |       |       |       |     1 |     9 |     2 ||    12
         Drain Life        |       |       |       |       |     1 |     1 ||     2
         Bind Soul         |       |       |       |       |     1 |       ||     1
  Evoke: Wand              |       |       |       |     5 |     2 |       ||     7
    Use: Scroll            |     3 |     5 |     5 |    10 |    10 |     2 ||    35
         Potion            |       |       |     3 |     3 |     6 |     2 ||    14
   Stab: Sleeping          |       |       |       |     1 |       |       ||     1
         Distracted        |       |       |       |       |    12 |     2 ||    14
 Armour: Robe              |    18 |       |       |       |       |       ||    18
         Chain mail        |    11 |   160 |   188 |     8 |       |       ||   367
         Skin              |       |       |    12 |       |       |       ||    12
         Scale mail        |       |       |       |   406 |   544 |       ||   950
         Plate armour      |       |       |       |       |    90 |   296 ||   386
  Dodge: Dodged            |    58 |   101 |   162 |   327 |   399 |   165 ||  1212
  Block: Kite shield       |       |       |    48 |   323 |   471 |   273 ||  1115

Table legend: (Time is in decaauts)
 A = Elapsed time spent in this place.
 B = Non-inter-level travel time spent in this place.
 C = Inter-level travel time spent in this place.
 D = Time resting spent in this place.
 E = Time spent auto-exploring this place.
 F = Levels seen in this place.
 G = Mean time per level.
                   A        B        C        D        E       F      G
               +--------+--------+--------+--------+--------+-----+--------+
         Total |  30436 |  28733 |   1703 |   3367 |  19099 |  28 | 1087.0 |
       Dungeon |  18757 |  17643 |   1114 |   1624 |  12503 |  15 | 1250.5 |
        Temple |     14 |      7 |      7 |      0 |      0 |   1 |   14.0 |
          Lair |   7189 |   6731 |    458 |   1017 |   4139 |   5 | 1437.8 |
     Snake Pit |   2472 |   2413 |     59 |    274 |   1712 |   3 |  824.0 |
  Orcish Mines |   1342 |   1279 |     63 |    399 |    549 |   2 |  671.0 |
       Ossuary |    338 |    338 |      0 |      0 |     79 |   1 |  338.0 |
       Volcano |    320 |    320 |      0 |     53 |    117 |   1 |  320.0 |
               +--------+--------+--------+--------+--------+-----+--------+

Top non-repeatable levels by time:
  Lair:1: 2408 daAuts
    D:10: 2083 daAuts
     D:5: 1819 daAuts
     D:9: 1778 daAuts
     D:6: 1668 daAuts
  Lair:4: 1359 daAuts
    D:14: 1356 daAuts
  Lair:2: 1267 daAuts
 Snake:1: 1224 daAuts
     D:1: 1198 daAuts
    D:11: 1188 daAuts
  Lair:5: 1180 daAuts
 Snake:2: 1111 daAuts
    D:12: 1091 daAuts
    D:13: 1073 daAuts
